 Dungeon Crawl Stone Soup version 0.27-a0-1565-gad902ab807 (webtiles) character file.

Game seed: 14906995821635537493

3693 pokeman the Thaumaturge (level 9, -9/51 HPs)
             Began as a Deep Elf Hedge Wizard on July 16, 2021.
             Mangled by a hornet (10 damage)
             ... on level 8 of the Dungeon.
             The game lasted 00:22:24 (9042 turns).

pokeman the Thaumaturge (Deep Elf Hedge Wizard)     Turns: 9042, Time: 00:22:25

Health: -9/51      AC:  8    Str: 11 (13) XL:     9   Next: 90%
Magic:  13/26      EV: 12    Int: 28 (29) God:
Gold:   293        SH:  0    Dex: 11 (14) Spells: 20/31 levels left

rFire    . . .     SeeInvis .   p - +3 halberd (chaos)
rCold    . . .     Faith    .   (shield currently unavailable)
rNeg     . . .     Spirit   .   t - +0 leather armour
rPois    .         Reflect  .   v - +0 helmet
rElec    .         Harm     .   z - +0 cloak
rCorr    .         Rampage  .   (no gloves)
Will     .....                  d - +2 pair of boots
Stlth    ++........             (no amulet)
HPRegen  0.17/turn              k - +6 ring of strength
MPRegen  0.20/turn              q - +6 ring of intelligence

@: lethally poisoned (-9 -> -10), hasted and slowed, studying Poison Magic
A: no striking features
a: no special abilities


You were on level 8 of the Dungeon.
You visited 2 branches of the dungeon, and saw 9 of its levels.

You collected 293 gold pieces.

Inventory:

Hand Weapons
 p - a +3 halberd of chaos (weapon)
 A - a +0 shortbow
 H - a +1 short sword of venom
Missiles
 g - 60 bolts
 l - 92 arrows
 s - 4 throwing nets
 B - 4 atropa-tipped darts
 G - 2 curare-tipped darts
Armour
 d - a +2 pair of boots (worn)
 t - a +0 leather armour (worn)
 v - a +0 helmet (worn)
 z - a +0 cloak (worn)
Jewellery
 k - a +6 ring of strength (left hand)
 q - a +6 ring of intelligence (right hand)
 w - a ring of protection from cold
 D - the ring "Cibixol" {+Blink Str-5 Int+3 Dex+6}
   (You found it on level 6 of the Dungeon)

   [ring of dexterity]

   Str:       It affects your strength (-5).
   Int:       It affects your intelligence (+3).
   Dex:       It affects your dexterity (+6).
   +Blink:    It lets you blink.
 E - a +6 ring of strength
Wands
 m - a wand of polymorph (8)
 o - a wand of flame (42)
 r - a wand of mindburst (7)
Scrolls
 b - a scroll of vulnerability {unknown}
 e - 4 scrolls of teleportation {unknown}
 h - a scroll of brand weapon {unknown}
 i - 12 scrolls of identify {unknown}
 j - a scroll of noise {unknown}
 u - 2 scrolls of blinking {unknown}
 y - a scroll of amnesia {unknown}
 C - 2 scrolls of magic mapping {unknown}
 F - a scroll of fog {unknown}
Potions
 f - a potion of lignification {unknown}
 n - a potion of berserk rage {unknown}
 x - 2 potions of attraction {unknown}


   Skills:
 + Level 3.3 Fighting
 - Level 3.0 Armour
 - Level 3.0 Dodging
 - Level 3.1 Stealth
 * Level 11.9 Spellcasting
 + Level 7.8 Conjurations
 - Level 1.1 Summonings
 - Level 1.1 Translocations
 + Level 5.7 Fire Magic
 - Level 1.3 Air Magic
 - Level 1.2 Poison Magic
 - Level 1.0 Evocations


You had 20 spell levels left.
You knew the following spells:

 Your Spells              Type           Power      Damage    Failure   Level
a - Magic Dart            Conj           100%       1d8       1%          1
b - Mephitic Cloud        Conj/Pois/Air  36%        N/A       3%          3
c - Call Imp              Summ           22%        N/A       4%          2
d - Blink                 Tloc           N/A        N/A       4%          2
e - Conjure Flame         Conj/Fire      53%        6-21      1%          3

Your spell library contained the following spells:

 Spells                   Type           Power      Damage    Failure   Level
 Slow                     Hex            16%        N/A       6%          2
 Animate Dead             Necr           8%         N/A       38%         4
 Manifold Assault         Tloc           22%        N/A       58%         5
 Borgnjor's Vile Clutch   Necr/Erth      8%         N/A       75%         5
 Death Channel            Necr           8%         N/A       100%        6
 Storm Form               Tmut/Air       10%        N/A       100%        7


Dungeon Overview and Level Annotations

Branches:
Dungeon (8/15)             Temple (1/1) D:6
   Lair: D:8-11

Altars:
Ashenzari
Cheibriados
Dithmenos
Elyvilon
Fedhas
Gozag
Hepliaklqana
Kikubaaqudgha
Nemelex Xobeh
Okawaru
Qazlal
Ru
Sif Muna
Trog
Uskayaw
Wu Jian
Xom
Yredelemnul
Zin
The Shining One


Message History

Your magical contamination has completely faded away.
It was a potion of haste.
You feel yourself speed up.
* * * LOW HITPOINT WARNING * * *
You feel very sick. The hornet stings your crimson imp!
Your crimson imp dies!
Unknown command.
Casting: Call Imp (safe; 3% risk of failure)
Confirm with . or Enter, or press ? or * to list all spells.
A beastly little devil appears in a puff of flame.
* * * LOW HITPOINT WARNING * * *
You feel sick. The hornet barely misses you. The hornet closely misses you.
Reach: p) +3 halberd (chaos)
Press: ? - help, Dir - move target, f - hornet
Aim: a hornet (heavily wounded, ally target, about 61% to evade your +3 halberd of chaos)
Okay, then.
Unknown command.
Casting: Call Imp (safe; 3% risk of failure)
Confirm with . or Enter, or press ? or * to list all spells.
You blink.
* * * LOW HITPOINT WARNING * * *
You feel sick.
Unknown command.
Casting: Blink (safe; 3% risk of failure)
Confirm with . or Enter, or press ? or * to list all spells.
You blink.
* * * LOW HITPOINT WARNING * * *
You feel sick.
Unknown command.
It was a potion of degeneration.
There was something very wrong with that liquid.
You feel weakened.
You feel dopey.
You feel clumsy.
* * * LOW HITPOINT WARNING * * *
You feel sick.
Casting: Blink (safe; 4% risk of failure)
Confirm with . or Enter, or press ? or * to list all spells.
You blink.
* * * LOW HITPOINT WARNING * * *
You feel sick. The hornet stings you!
You die...

# .### ##+## .# ....
##...###.# ..#
##........ ####..#
##.......## #.....#
#.........####....#
+.....ยง...'5......##.#
#....>..y.###<.......#
##......@## #5..#....#
##.....## ......###.#
##?..## #.#....# #
##+## #.#...... #
####.### .# .#


You could see a hornet (ally target) and a friendly crimson imp (summoned).

Vanquished Creatures
  A cyclops (D:7)
  2 kobold demonologists (D:7)
  Grinder (D:3)
  A black bear (D:7)
  3 ice beasts
  A sky beast (D:6)
  An orc warrior (D:7)
  A necrophage (D:6)
  3 ogres
  A centaur (D:7)
  The ghost of SirDiesAlot the Conjurer, an amateur DECj (D:3)
  5 kobold brigands
  2 bullfrogs (D:7)
  A scorpion (D:6)
  A water moccasin zombie (D:6)
  A wyvern skeleton (D:7)
  A wyvern zombie (D:7)
  2 jellies
  4 wights (D:6)
  A howler monkey (D:5)
  A bullfrog zombie (D:6)
  A centaur zombie (D:3)
  2 hounds
  2 orc priests
  A bullfrog skeleton (D:5)
  A gnoll shaman (D:3)
  An iguana (D:4)
  A scorpion zombie (D:5)
  5 orc wizards
  2 howler monkey zombies
  Robin (D:4)
  9 gnolls
  A howler monkey skeleton (D:6)
  4 adders
  A white imp (D:4)
  An ufetubus (D:6)
  3 worms (D:2)
  2 dart slugs
  19 orcs
  2 ball pythons
  6 endoplasms
  4 giant cockroaches
  10 hobgoblins
  4 jackals (D:3)
  15 kobolds
  2 quokkas
  A bat (D:1)
  A frilled lizard (D:2)
  10 goblins
  8 rats
155 creatures vanquished.

Vanquished Creatures (collateral kills)
  2 gnolls (D:3)
  An endoplasm (D:3)
3 creatures vanquished.

Vanquished Creatures (others)
  10 plants
10 creatures vanquished.

Grand Total: 168 creatures vanquished

Notes
Turn   | Place    | Note
-------+----------+-------------------------------------------
     0 | D:1      | pokeman the Deep Elf Hedge Wizard began the quest for the
                  | Orb.
     0 | D:1      | Reached XP level 1. HP: 10/10 MP: 7/7
   378 | D:1      | Reached XP level 2. HP: 9/15 MP: 9/9
   862 | D:1      | Found a hazy altar of Hepliaklqana.
  1177 | D:2      | Reached skill level 5 in Spellcasting
  1273 | D:2      | Reached XP level 3. HP: 20/20 MP: 5/11
  1277 | D:2      | Learned a level 3 spell: Mephitic Cloud
  1280 | D:2      | Learned a level 2 spell: Call Imp
  1283 | D:2      | Learned a level 2 spell: Blink
  1287 | D:2      | Learned a level 3 spell: Conjure Flame
  1711 | D:2      | Reached skill level 1 in Fighting
  1848 | D:2      | Reached skill level 1 in Armour
  2096 | D:2      | Reached XP level 4. HP: 23/25 MP: 0/13
  2577 | D:3      | Noticed Grinder
  2593 | D:3      | Paralysed by Grinder for 3 turns
  2598 | D:3      | Paralysed by Grinder for 6 turns
  2608 | D:3      | Reached skill level 1 in Fire Magic
  2629 | D:3      | Killed Grinder
  2630 | D:3      | Reached XP level 5. HP: 16/29 MP: 2/15
  2904 | D:3      | Found a transporter.
  2910 | D:3      | Found a transporter.
  3335 | D:3      | Reached skill level 6 in Spellcasting
  3383 | D:3      | Reached XP level 6. HP: 34/34 MP: 14/17
  3484 | D:3      | Found a white marble altar of Elyvilon.
  3484 | D:3      | Found an opulent altar of Gozag.
  3547 | D:3      | Noticed SirDiesAlot's ghost (amateur DECj)
  3613 | D:3      | Reached skill level 1 in Air Magic
  3635 | D:3      | Killed SirDiesAlot's ghost
  3636 | D:3      | Reached skill level 1 in Poison Magic
  4224 | D:4      | Reached skill level 7 in Spellcasting
  4224 | D:4      | Reached skill level 5 in Conjurations
  4224 | D:4      | Reached skill level 1 in Evocations
  4224 | D:4      | Reached XP level 7. HP: 38/38 MP: 13/19
  4824 | D:4      | Noticed Robin
  4837 | D:4      | Killed Robin
  5129 | D:5      | Entered Level 5 of the Dungeon
  5506 | D:5      | Found a broken altar of Ashenzari.
  5507 | D:5      | Found a snail-covered altar of Cheibriados.
  5508 | D:5      | Found a bloodstained altar of Trog.
  5509 | D:5      | Found a shimmering altar of Xom.
  5819 | D:5      | Reached skill level 8 in Spellcasting
  6136 | D:6      | Reached XP level 8. HP: 44/44 MP: 13/22
  6214 | D:6      | Found a staircase to the Ecumenical Temple.
  6245 | D:6      | Reached skill level 9 in Spellcasting
  6250 | Temple   | Entered the Ecumenical Temple
  6557 | D:6      | Identified the ring "Cibixol" {+Blink Str-5 Int+3 Dex+6}
  7313 | D:6      | Reached skill level 10 in Spellcasting
  7354 | D:7      | Noticed a kobold demonologist
  7358 | D:7      | Noticed a kobold demonologist
  7518 | D:7      | Killed a kobold demonologist
  7519 | D:7      | Reached XP level 9. HP: 48/48 MP: 7/25
  7689 | D:7      | Killed a kobold demonologist
  7690 | D:7      | Reached skill level 11 in Spellcasting
  7840 | D:7      | Reached skill level 5 in Fire Magic
  7867 | D:7      | Noticed a cyclops
  7882 | D:7      | Killed a cyclops
  9041 | D:8      | HP: 2/51 [poisoned by a hornet]
  9042 | D:8      | Mangled by a hornet

Illustrated notes

Levels and vault maps discovered:
D:1:      dpeg_arrival_castle, layout_loops_ring,
          chequers_serial_rivers_small_a, kennysheep_flooded_box, minivault_24,
          minmay_tromino_i4
D:2:      layout_basic, grunt_ministairs_15, st_stairs_10
D:3:      layout_basic, gammafunk_temple_overflow_pools,
          gammafunk_ghost_gnarly_gnolls, uniq_grinder
D:4:      layout_loops_corners, minmay_pentangle, uniq_robin
D:5:      layout_loops_cross, mainiacjoe_overflow_alcove_3
D:6:      layout_gridville, minmay_temple_entry_gardened_gates, minivault_26
D:7:      layout_gridville
D:8:      layout_loops_corners, grunt_lair_entry_orc_guard_hut, serial_glass,
          glass_columns_a, glass_columns_a, special_room [special_room_orc],
          lightli_bailey_entry_fortress, columned_hall_lemuel, minivault_19,
          kennysheep_big_empty_room, uniq_psyche, uniq_erica
Temple:   jpeg_temple_clearing

Skill      XL: |  1  2  3  4  5  6  7  8  9 |
---------------+----------------------------+-----
Spellcasting   | 5 6 7 8 10 11 | 11.9
Fighting       | 1 2 3 |  3.3
Armour         | 1 3 |  3.0
Conjurations   | 2 4 5 6 7 |  7.8
Fire Magic     | 1 2 4 5 |  5.7
Dodging        | 3 |  3.0
Air Magic      | 1 |  1.3
Poison Magic   | 1 |  1.2
Evocations     | 1 |  1.0
Stealth        | 3 |  3.1
Summonings     | |  1.1
Translocations | |  1.1

Action                   |  1- 3 |  4- 6 |  7- 9 || total
-------------------------+-------+-------+-------++-------
Melee: Dagger            |    23 |    36 |       ||    59
       Halberd           |       |    14 |   141 ||   155
 Cast: Magic Dart        |    60 |    41 |   160 ||   261
       Mephitic Cloud    |     2 |     7 |    26 ||    35
       Conjure Flame     |     1 |     4 |    24 ||    29
       Call Imp          |       |    10 |     3 ||    13
       Blink             |       |       |     5 ||     5
  Use: Potion            |       |       |     2 ||     2
 Stab: Sleeping          |     1 |       |     2 ||     3
       Confused          |     1 |     5 |    18 ||    24
       Distracted        |       |     1 |       ||     1
Armor: Robe              |     6 |    17 |       ||    23
       Leather armour    |       |       |    29 ||    29
Dodge: Dodged            |    12 |    28 |    60 ||   100

Table legend: (Time is in decaauts)
 A = Elapsed time spent in this place.
 B = Non-inter-level travel time spent in this place.
 C = Inter-level travel time spent in this place.
 D = Time resting spent in this place.
 E = Time spent auto-exploring this place.
 F = Levels seen in this place.
 G = Mean time per level.
                   A        B        C        D        E       F      G
               +--------+--------+--------+--------+--------+-----+--------+
         Total |   9133 |   8783 |    350 |    456 |   7033 |   9 | 1014.8 |
       Dungeon |   9017 |   8679 |    338 |    456 |   6930 |   8 | 1127.1 |
        Temple |    116 |    104 |     12 |      0 |    103 |   1 |  116.0 |
               +--------+--------+--------+--------+--------+-----+--------+

Top non-repeatable levels by time:
     D:7: 1672 daAuts
     D:3: 1573 daAuts
     D:2: 1305 daAuts
     D:6: 1254 daAuts
     D:4: 1234 daAuts
     D:1: 1034 daAuts
     D:5: 914 daAuts
  Temple: 116 daAuts
     D:8: 26 daAuts
